 Dungeon Crawl Stone Soup version 0.32-a0-814-g0968bab981 (webtiles) character file.

Game seed: 5662465467653992767

28 senseless the Ruffian (level 3, 27/27 HPs)
             Began as a Demonspawn Shapeshifter on Mar 22, 2024.
             Quit the game on level 2 of the Dungeon.
             The game lasted 00:01:35 (1645 turns).

senseless the Ruffian (Demonspawn Shapeshifter)     Turns: 1645, Time: 00:01:35

Health: 27/27      AC:  2    Str: 16    XL:     3   Next: 0%
Magic:  3/3        EV: 11    Int: 10    God:
Gold:   28         SH:  0    Dex: 12    Spells: 2/2 levels left

rFire   . .          .
                       - Unarmed
rCold   . . .        (no shield)
rNeg    . . .        a - +0 animal skin
rPois   .            (helmet currently unavailable)
rElec   .            (cloak currently unavailable)
rCorr   .            (gloves currently unavailable)
SInv    +            (boots currently unavailable)
Will    .....        (no amulet)
Stlth   +            i - ring of wizardry
HPRegen 0.24/turn    k - ring of see invisible
MPRegen 0.08/turn

%: wizardry (x1)
@: beast-form
A: beast (slay +1), antennae 1, demonic guardian 1
a: Begin Untransformation


You were on level 2 of the Dungeon.
You were a hulking beast.
You visited 1 branch of the dungeon, and saw 2 of its levels.

You collected 28 gold pieces.

Inventory:

Armour
 a - a +0 animal skin (worn)
Jewellery
 i - a ring of wizardry (left hand)
 k - a ring of see invisible (right hand)
Talismans
 c - a beast talisman (active)
 d - a flux talisman
Scrolls
 e - 2 scrolls of enchant weapon {unknown}
 g - 2 scrolls of teleportation {unknown}
 h - a scroll of immolation {unknown}
 m - a scroll of poison {unknown}
 n - a scroll of butterflies {unknown}
Potions
 b - a potion of lignification
 f - a potion of berserk rage {unknown}
 j - a potion of curing {unknown}
 l - a potion of mutation {unknown}


   Skills:
 * Level 2.0 Fighting
 + Level 2.1 Dodging
 + Level 3.0 Unarmed Combat
 + Level 2.9 Shapeshifting


You had 2 spell levels left.
You didn't know any spells.
Your spell library was empty.

Dungeon Overview and Level Annotations

Branches:
Dungeon (2/15)

Altars:


Innate Abilities, Weirdness & Mutations

You are a hulking beast.
Your limbs bulge with bestial killing power. (Slay +1)
You have a pair of small antennae on your head.
A weak demonic guardian rushes to your aid.


Message History

You hit the bush but do no damage.
The bush is almost destroyed.
You hit the bush.
The bush is almost destroyed.
You hit the bush but do no damage.
The bush is almost destroyed.
You hit the bush.
You destroy the bush!
Done exploring.
There is a stone staircase leading down here.
You climb downwards.
There is a stone staircase leading up here.
Search for what [? for help]?
Okay, then.
You climb upwards.
There is a stone staircase leading down here.
Search for what [? for help]? .
You climb downwards.
There is a stone staircase leading up here.
l - an emerald potion
m - a scroll labelled TEZXUMAZXI A ball python comes into view.
Found a scroll labelled NIYMYEH JIARGHIA.
The ball python hisses angrily.
The ball python closely misses you.
You closely miss the ball python. The ball python bites you.
A demonic guardian appears!
The ball python grabs you. The ball python constricts you.
You punch the ball python!
You kill the ball python!
You have reached level 3!
Your experience leads to an increase in your attributes!
Increase (S)trength, (I)ntelligence, or (D)exterity?
You feel stronger. x2; Your demonic ancestry asserts itself...
A pair of antennae grows on your head!
HP restored.
Your quasit disappears in a puff of smoke!
You see here a ball python corpse.
n - a scroll labelled NIYMYEH JIARGHIA Are you sure you want to abandon this character and quit the game? (Confirm with "yes".)

###############
#....h.#......#
#.####.###.##...#
#.#....# .#
#.#.#..# #†#.#..#
# #.#<#..#
#..#.###..#
#......#..#
#.##.#.#..#


There were no monsters in sight!

Vanquished Creatures
  A dart slug (D:1)
  4 bats (D:1)
  3 endoplasms (D:1)
  A goblin (D:1)
  4 hobgoblins (D:1)
  3 kobolds (D:1)
  2 quokkas (D:1)
  3 ball pythons
  4 rats (D:1)
25 creatures vanquished.

Notes
Turn   | Place    | Note
-------+----------+-------------------------------------------
     0 | D:1      | senseless the Demonspawn Shapeshifter began the quest for
                  | the Orb.
     0 | D:1      | Reached XP level 1. HP: 15/15 MP: 1/1
   202 | D:1      | Gained mutation: A weak demonic guardian rushes to your
                  | aid. [demonic ancestry]
   202 | D:1      | Reached XP level 2. HP: 5/21 MP: 2/2
   876 | D:1      | Reached skill level 3 in Unarmed Combat
  1625 | D:2      | Gained mutation: You have a pair of small antennae on your
                  | head. [demonic ancestry]
  1625 | D:2      | Reached XP level 3. HP: 24/27 MP: 3/3
  1645 | D:2      | Quit the game

Illustrated notes

Levels and vault maps discovered:
D:1:      nicolae_arrival_somewhat_less_tricky_arrival, layout_rooms,
          serial_forest, infiniplex_forest_diagonal, infiniplex_forest_3_way,
          infiniplex_forest_corner_2, infiniplex_forest_clump_tiny,
          infiniplex_forest_end_3, infiniplex_forest_lined_1,
          infiniplex_forest_straight_2
D:2:      layout_basic, shapermc_ecumenical_altar_venn, grunt_ministairs_9,
          nicolae_concentric_dashed_squares_mild, st_stairs_4, minivault_27

Skill      XL: |  1  2 |
---------------+-------+-----
Dodging        | 2 |  2.1
Unarmed Combat | 3 |  3.0
Fighting       | 2 |  2.0
Shapeshifting  | |  2.9

Action                     || total
---------------------------++-------
  Melee: Unarmed           ||   282
         Punch             ||    11
 Armour: Animal skin       ||    34
  Dodge: Dodged            ||    52

Table legend: (Time is in decaauts)
 A = Elapsed time spent in this place.
 B = Non-inter-level travel time spent in this place.
 C = Inter-level travel time spent in this place.
 D = Time resting spent in this place.
 E = Time spent auto-exploring this place.
 F = Levels seen in this place.
 G = Mean time per level.
                   A        B        C        D        E       F      G
               +--------+--------+--------+--------+--------+-----+--------+
         Total |   1629 |   1562 |     67 |      0 |   1212 |   2 |  814.5 |
       Dungeon |   1629 |   1562 |     67 |      0 |   1212 |   2 |  814.5 |
               +--------+--------+--------+--------+--------+-----+--------+

Top non-repeatable levels by time:
     D:1: 1576 daAuts
     D:2: 53 daAuts
